 Dungeon Crawl Stone Soup version 0.29.0 (webtiles) character file.

Game seed: 2731665798198686906

52 samcosmo the Digger (level 3, -7/19 HPs)
             Began as a Deep Elf Earth Elementalist on Sept 8, 2022.
             Mangled by Sigmund
             ... wielding a +0 scythe
              (10 damage)
             ... on level 2 of the Dungeon.
             The game lasted 00:07:42 (929 turns).

samcosmo the Digger (Deep Elf Earth Elementalist)    Turns: 929, Time: 00:07:44

Health: -7/19      AC:  4    Str:  5      XL:     3   Next: 60%
Magic:  7/10       EV: 13    Int: 20 (21) God:
Gold:   60         SH:  0    Dex: 14 (15) Spells: 8/9 levels left

rFire   . . .      SeeInvis .   h - +1 dagger (venom)
rCold   . . .      Faith    .   (no shield)
rNeg    . . .      Spirit   .   a - +0 robe
rPois   .          Reflect  .   (no helmet)
rElec   .          Harm     .   (no cloak)
rCorr   .          Rampage  .   (no gloves)
Will    .....                   (no boots)
Stlth   ++........              d - amulet of regeneration
HPRegen 0.86/turn               (no ring)
MPRegen 0.12/turn               (no ring)

@: no status effects
A: iridescent scales 1, deterioration 1, high MP 1, wild magic 1
a: no special abilities


You were on level 2 of the Dungeon.
You visited 1 branch of the dungeon, and saw 2 of its levels.

You collected 60 gold pieces.

Inventory:

Hand Weapons
 h - a +1 dagger of venom (weapon)
Armour
 a - a +0 robe (worn)
Jewellery
 d - an amulet of regeneration (around neck)
Scrolls
 c - a scroll of identify {unknown}
 f - a scroll of immolation {unknown}
Potions
 b - a potion of magic


   Skills:
 - Level 3.0 Dodging
 - Level 3.1 Stealth
 * Level 3.6 Spellcasting
 - Level 2.0 Transmutations
 + Level 3.7 Earth Magic


You had 8 spell levels left.
You knew the following spells:

 Your Spells              Type           Power      Damage    Failure   Level
a - Sandblast             Erth           48%        2d12      5%          1

Your spell library contained the following spells:

 Spells                   Type           Power      Damage    Failure   Level
 Passwall                 Tmut/Erth      15%        N/A       10%         2
 Stone Arrow              Conj/Erth      28%        3d8       26%         3
 Petrify                  Tmut/Erth      19%        N/A       47%         4


Dungeon Overview and Level Annotations

Branches:
Dungeon (2/15)

Altars:

Annotations:
D:2 Robin, Sigmund


Innate Abilities, Weirdness & Mutations

You are partially covered in iridescent scales. (AC +2)
Your body sometimes deteriorates upon taking damage.
You have an increased reservoir of magic. (+10% MP)
Your spells are a little harder to cast, but a little more powerful.


Message History

Robin roars a battlecry!
Casting: Sandblast (safe; 4% risk of failure)
Confirm with . or Enter, or press ? or * to list all spells.
Aiming: Sandblast (safe; 4% risk of failure)
Press: ? - help, Shift-Dir - straight line, f/p - Robin
Aim: Robin, wielding a +0 mace, wearing a +0 animal skin and wearing a +0 helmet (87% to hit)
The blast of sand hits Robin.
Robin is moderately wounded.
The jackal bites you but does no damage.
A magic dart appears from out of thin air!
The magic dart hits you.
The jackal bites you but does no damage.
You hear some strange, mumbled words.
You are confused.
You're too confused to cast spells.
Sorry, you're not good enough to have a special ability.
You miss the jackal. The jackal bites you. The jackal closely misses you.
Something hits you.
You closely miss the jackal. The jackal misses you.
You hear some strange, mumbled words.
Something tries to affect you, but you resist.
The jackal closely misses you.
You see here a +0 club.
You miss something. Something hits you. The jackal bites you.
Your body deteriorates!
You feel dopey.
You barely miss something. The jackal bites you. Something hits you.
* * * LOW HITPOINT WARNING * * *
Your body deteriorates!
You feel clumsy.
You bump into the rock wall.
The jackal bites you but does no damage. x2
Robin says, "My goblins will feast on your bones."
Robin roars a battlecry!
You hear a shout!
You barely miss something.
You feel less confused.
You hear a shout!
The jackal bites you but does no damage.
Something hits you!
Ouch! That really hurt!
You die...

#.# ###.# #.# #...#
#.# #.### #.# #.#
##.### ### #.....
#h## .# #..###
#.#@######.# ##..#
gg###{g.)...###...###
..g#
##.............).
#..#.
##..####.###...###
#..##.#g..# #.# ##..#
#)...g..)..####.#
#..#
.#.g##..........#
#..#
##.#...###.####..#
#..)#...........#


You could see Robin and a jackal.

Vanquished Creatures
  Natasha (D:2)
  A worm (D:2)
  A dart slug (D:1)
  An endoplasm (D:1)
  2 giant cockroaches (D:1)
  6 goblins
  5 hobgoblins
  2 ball pythons (D:1)
  2 kobolds (D:2)
21 creatures vanquished.

Notes
Turn   | Place    | Note
-------+----------+-------------------------------------------
     0 | D:1      | samcosmo the Deep Elf Earth Elementalist began the quest
                  | for the Orb.
     0 | D:1      | Reached XP level 1. HP: 10/10 MP: 6/6
   247 | D:1      | Reached XP level 2. HP: 15/15 MP: 6/8
   739 | D:2      | Noticed Natasha
   746 | D:2      | Killed Natasha
   747 | D:2      | Reached XP level 3. HP: 19/19 MP: 5/10
   907 | D:2      | Noticed Robin
   915 | D:2      | Noticed Sigmund
   916 | D:2      | Gained mutation: You are partially covered in iridescent
                  | scales. (AC +2) [potion of mutation]
   916 | D:2      | Gained mutation: You have an increased reservoir of magic.
                  | (+10% MP) [potion of mutation]
   916 | D:2      | Gained mutation: Your body sometimes deteriorates upon
                  | taking damage. [potion of mutation]
   916 | D:2      | Gained mutation: Your spells are a little harder to cast,
                  | but a little more powerful. [potion of mutation]
   929 | D:2      | Mangled by Sigmund

Illustrated notes

Levels and vault maps discovered:
D:1:      lemuel_arrival_hallway, layout_basic
D:2:      layout_loops_ring, chequers_serial_rivers_marsh, bh_walls_and_bars,
          uniq_sigmund, uniq_natasha, uniq_robin

Skill      XL: |  1  2  3 |
---------------+----------+-----
Dodging        | 3 |  3.0
Stealth        | 3 |  3.1
Transmutations | 2 |  2.0
Spellcasting   | |  3.6
Earth Magic    | |  3.7

Action                   || total
-------------------------++-------
Melee: Dagger            ||     6
 Cast: Sandblast         ||    32
  Use: Potion            ||     1
Armor: Robe              ||     8
Dodge: Dodged            ||    12
